 Dungeon Crawl Stone Soup version 0.31.0-32-g396128a36d (webtiles) character file.

Game seed: 2097844072402975824

1694 spaghetti the Fighter (level 9, -3/141 HPs)
             Began as an Oni Berserker on Mar 23, 2024.
             Was a Priest of Trog.
             Slain by a vampire mosquito (6 damage)
             ... on level 6 of the Dungeon.
             The game lasted 00:05:51 (6512 turns).

spaghetti the Fighter (Oni Berserker)               Turns: 6512, Time: 00:05:52

Health: -3/141     AC:  3    Str: 23    XL:     9   Next: 2%
Magic:  9/9        EV: 10    Int: 11    God:    Trog [***...]
Gold:   385        SH:  0    Dex: 13    Spells: 8/8 levels left

rFire   . . .        o - +0 giant club
rCold   . . .        (shield currently unavailable)
rNeg    . . .        b - +0 animal skin
rPois   .            (helmet restricted)
rElec   .            (no cloak)
rCorr   .            (gloves unavailable)
SInv    .            (boots unavailable)
Will    .....        (no amulet) Stlth
                     (no ring)
HPRegen 0.43/turn    (no ring)
MPRegen 0.11/turn

%: no passive effects
@: berserking, very quick
A: large, unfitting armour, horns 1, tough skin 1, double potion healing,
drunken brawling, agile 1, clever 1, frail 1
a: Renounce Religion, Berserk, Trog's Hand


You were on level 6 of the Dungeon.
You worshipped Trog.
Trog was most pleased with you.
You visited 1 branch of the dungeon, and saw 6 of its levels.
You also visited: Ossuary.

You collected 385 gold pieces.

Inventory:

Hand Weapons
 a - a +0 mace
 o - a +0 giant club (weapon)
 v - a +0 giant spiked club
Armour
 b - a +0 animal skin (worn)
Scrolls
 d - a scroll of immolation
 f - 2 scrolls of butterflies
 g - 2 scrolls of poison
 h - 2 scrolls of silence
 i - a scroll of teleportation
 k - 2 scrolls of fog
 q - a scroll of enchant weapon
 s - 3 scrolls of vulnerability
 t - 5 scrolls of noise
Potions
 c - 4 potions of ambrosia
 e - 2 potions of attraction
 j - 3 potions of heal wounds
 l - a potion of resistance
 m - a potion of lignification
 n - a potion of invisibility
 p - a potion of enlightenment {unknown}
 r - a potion of mutation
 u - a potion of haste


   Skills:
 + Level 11.0 Fighting
 + Level 8.5 Maces & Flails
 - Level 2.6 Dodging


You had 8 spell levels left.
You didn't know any spells.
Your spell library was empty.

Dungeon Overview and Level Annotations

Branches:
Dungeon (6/15)             Temple (0/1) D:4         Ossuary (visited)

Altars:
Fedhas
Gozag

Shops:
D:2 !

Annotations:
D:2 2 transporters
D:3 3 runed translucent doors, yey's ghost, amateur DsGl


Innate Abilities, Weirdness & Mutations

You are too large for most types of armour.
You have a pair of small horns on your head.
You have tough skin. (AC +1)
You gain doubled healing and magic from potions.
Whenever you drink a healing potion, you attack all around you.
You are agile. (Dex +4, Str/Int -1)
Your mind is acute. (Int +4, Str/Dex -1)
You are frail. (-10% HP)


Message History

You miss the vampire mosquito.
The vampire mosquito is heavily damaged.
The vampire mosquito bites you!
* * * LOW HITPOINT WARNING * * *
The vampire mosquito draws strength from your injuries!
The vampire mosquito bites you but does no damage.
The vampire mosquito bites you.
* * * LOW HITPOINT WARNING * * *
The vampire mosquito draws strength from your injuries!
You bludgeon the vampire mosquito!! You headbutt the vampire mosquito.
You destroy the vampire mosquito!
Trog accepts your kill.
The vampire mosquito bites you but does no damage.
The vampire mosquito bites you.
* * * LOW HITPOINT WARNING * * *
The vampire mosquito draws strength from your injuries!
Your Fighting skill increases to level 11!
You have reached level 9!
Your experience leads to an increase in your attributes!
Your base attributes are Str 22, Int 8, Dex 10.
Increase (S)trength, (I)ntelligence, or (D)exterity?
You feel stronger. x3
You thump the vampire mosquito!
Your headbutt misses the vampire mosquito.
The vampire mosquito is moderately damaged.
The vampire mosquito bites you but does no damage.
An orc wizard comes into view. It is wielding a +0 dagger.
You closely miss the vampire mosquito.
The vampire mosquito is moderately damaged.
The orc wizard shouts!
The vampire mosquito bites you!
* * * LOW HITPOINT WARNING * * *
The vampire mosquito draws strength from your injuries!
The vampire mosquito bites you.
* * * LOW HITPOINT WARNING * * *
The vampire mosquito draws strength from your injuries!
You barely miss the vampire mosquito.
The vampire mosquito is lightly damaged.
The vampire mosquito bites you.
You die...

#.##...##...................
#.....###...................
###....#....................
#.............. ..........
##...#.......# ..##......
######..#..###.# ...###.
#..#...#....... ##.#..
#............## ......
#.....#@....... ......
##.##.#y..#.### ##>... ##
##....# .# #..... #......
...... ........ ....?.
.........# ...... ..o......#
...... ....##..... .#.#..
#.#..


You could see a vampire mosquito and an orc wizard.

Vanquished Creatures
  Eustachio (D:4)
  2 vampire mosquitoes (D:6)
  A black bear (D:5)
  3 ogres (D:5)
  2 phantoms (D:5)
  A weeping skull (Ossuary)
  Blork the orc (D:6)
  A burial acolyte (Ossuary)
  2 bombardier beetles
  A hound (D:5)
  A human zombie (Ossuary)
  An orc priest (D:4)
  A jelly (D:5)
  2 iguanas (D:4)
  A sleepcap (D:5)
  Natasha (twice) (D:3)
  2 orc wizards
  5 mummies (Ossuary)
  3 gnolls (D:3)
  8 adders
  3 dart slugs
  3 ribbon worms
  17 orcs
  6 endoplasms
  6 giant cockroaches
  2 gnoll zombies (Ossuary)
  4 goblins
  5 hobgoblins
  2 jackals (D:2)
  6 quokkas
  6 ball pythons
  5 bats
  3 frilled lizards
  4 kobolds
  2 kobold zombies (Ossuary)
  3 orc zombies (Ossuary)
  5 rats
123 creatures vanquished.

Notes
Turn   | Place    | Note
-------+----------+-------------------------------------------
     0 | D:1      | spaghetti the Oni Berserker began the quest for the Orb.
     0 | D:1      | Reached XP level 1. HP: 24/24 MP: 1/1
   254 | D:1      | Reached XP level 2. HP: 30/33 MP: 2/2
   780 | D:1      | Reached XP level 3. HP: 40/40 MP: 3/3
  1488 | D:2      | Reached ** piety under Trog
  1540 | D:2      | Reached skill level 5 in Fighting
  1781 | D:2      | Found a transporter.
  1781 | D:2      | Found Efoozuil's Distillery.
  1832 | D:2      | Found a transporter.
  2013 | D:3      | Reached XP level 4. HP: 39/50 MP: 4/4
  2127 | D:3      | Found a blossoming altar of Fedhas.
  2163 | D:3      | Found a runed translucent gate.
  2164 | D:3      | Found a runed translucent gate.
  2165 | D:3      | Found a runed translucent gate.
  2168 | D:3      | Found an opulent altar of Gozag.
  2169 | D:3      | Noticed yey's ghost (amateur DsGl)
  2170 | D:3      | Noticed an ice beast
  2300 | D:3      | Noticed Natasha
  2313 | D:3      | Killed Natasha
  2314 | D:3      | Reached XP level 5. HP: 24/59 MP: 5/5
  2820 | D:3      | Noticed Natasha
  2833 | D:3      | Killed Natasha
  2834 | D:3      | Reached skill level 6 in Fighting
  3278 | D:4      | Found a staircase to the Ecumenical Temple.
  3522 | D:4      | Reached skill level 5 in Maces & Flails
  3522 | D:4      | Reached XP level 6. HP: 68/68 MP: 6/6
  3598 | D:4      | Noticed Eustachio
  3611 | D:4      | Killed Eustachio
  3612 | D:4      | Reached skill level 7 in Fighting
  4379 | D:4      | Reached XP level 7. HP: 55/79 MP: 7/7
  4606 | D:5      | Entered Level 5 of the Dungeon
  4647 | D:5      | Reached skill level 8 in Fighting
  5112 | D:5      | Found a sand-covered staircase.
  5116 | Ossuary  | Entered an ossuary
  5145 | Ossuary  | Reached *** piety under Trog
  5262 | Ossuary  | Gained mutation: You are frail. (-10% HP) [potion of
                  | mutation]
  5262 | Ossuary  | Gained mutation: You are agile. (Dex +4, Str/Int -1)
                  | [potion of mutation]
  5262 | Ossuary  | Gained mutation: Your mind is acute. (Int +4, Str/Dex -1)
                  | [potion of mutation]
  5268 | Ossuary  | Reached skill level 9 in Fighting
  5268 | Ossuary  | Reached XP level 8. HP: 82/82 MP: 8/8
  6089 | D:5      | Reached skill level 10 in Fighting
  6293 | D:6      | Noticed Blork the orc
  6297 | D:6      | Killed Blork the orc
  6510 | D:6      | Reached skill level 11 in Fighting
  6510 | D:6      | Reached XP level 9. HP: 11/94 MP: 9/9
  6511 | D:6      | HP: 5/141 [vampire mosquito (7)]
  6512 | D:6      | Slain by a vampire mosquito

Illustrated notes

Levels and vault maps discovered:
D:1:      dpeg_arrival_orchard, layout_basic
D:2:      layout_loops_ring, serial_shops, nicolae_shop_drivethru,
          kennysheep_generic_room_11
D:3:      layout_basic, mainiacjoe_overflow_alcove_2, ebering_ghost_gozag,
          uniq_natasha
D:4:      layout_layer_cave, temple_pool_b, minivault_26,
          nicolae_houndstooth_variations, uniq_eustachio
D:5:      layout_basic, lightli_ossuary_entry_decrepit_ruins
D:6:      layout_cave_pools, uniq_blork_the_orc, uniq_edmund

Skill      XL: |  1  2  3  4  5  6  7  8 |
---------------+-------------------------+-----
Fighting       | 5 6 7 9 11 | 11.0
Maces & Flails | 4 5 7 8 |  8.5
Dodging        | |  2.6

Action                     |  1- 3 |  4- 6 |  7- 9 || total
---------------------------+-------+-------+-------++-------
  Melee: Mace              |    89 |   134 |   152 ||   375
         Headbutt          |     8 |    20 |    41 ||    69
         Giant club        |       |       |    16 ||    16
         Punch             |       |       |     3 ||     3
 Invoke: Berserk           |     1 |     3 |     8 ||    12
         Trog's Hand       |       |     1 |       ||     1
    Use: Scroll            |    10 |     2 |     4 ||    16
         Potion            |     1 |     1 |     3 ||     5
   Stab: Sleeping          |       |     1 |       ||     1
         Distracted        |       |       |     1 ||     1
 Armour: Animal skin       |    58 |   126 |   133 ||   317
  Dodge: Dodged            |    43 |    85 |    80 ||   208
